 Dungeon Crawl Stone Soup version 0.28.0 (webtiles) character file.

Game seed: 12195526526995980480

13 blackman the Chopper (level 2, 24/24 HPs)
             Began as a Human Monk on Feb 6, 2022.
             Was an Initiate of Yredelemnul.
             Quit the game on level 1 of the Dungeon.
             The game lasted 00:01:19 (415 turns).

blackman the Chopper (Human Monk)                    Turns: 415, Time: 00:01:19

Health: 24/24      AC:  3    Str: 11    XL:     2   Next: 50%
Magic:  2/2        EV: 13    Int: 10    God:    Yredelemnul [......]
Gold:   0          SH:  0    Dex: 15    Spells: 1/1 levels left

rFire   . . .      SeeInvis .   a - +0 hand axe
rCold   . . .      Faith    .   (no shield)
rNeg    . . .      Spirit   .   b - +0 robe
rPois   .          Reflect  .   (no helmet)
rElec   .          Harm     .   c - +0 cloak
rCorr   .          Rampage  .   (no gloves)
Will    .....                   (no boots)
Stlth   ++........              (no amulet)
HPRegen 0.08/turn               (no ring)
MPRegen 0.08/turn               (no ring)

@: no status effects
A: no striking features
a: Renounce Religion, Recall Undead Harvest


You were on level 1 of the Dungeon.
You worshipped Yredelemnul.
Yredelemnul was noncommittal.
You visited 1 branch of the dungeon, and saw 1 of its levels.

Inventory:

Hand Weapons
 a - a +0 hand axe (weapon)
Armour
 b - a +0 robe (worn)
 c - a +0 cloak (worn)
Scrolls
 d - 2 scrolls of teleportation {unknown}
 e - a scroll of identify {unknown}


   Skills:
 - Level 3.0 Fighting
 + Level 3.7 Axes
 - Level 3.0 Dodging
 - Level 2.0 Stealth


You had one spell level left.
You didn't know any spells.
Your spell library contained the following spells:

 Spells                   Type           Power      Damage    Failure   Level
 Animate Skeleton         Necr           0%         N/A       36%         1
 Apportation              Tloc           0%         N/A       36%         1
 Summon Small Mammal      Summ           0%         N/A       36%         1


Dungeon Overview and Level Annotations

Branches:
Dungeon (1/15)

Altars:
Yredelemnul


Message History

No target in view!
No target in view!
No target in view!
No target in view!
No target in view!
No target in view!
No target in view!
No target in view!
No target in view!
No target in view!
No target in view!
No target in view!
No target in view!
No target in view!
No target in view!
No target in view!
No target in view!
Key pressed, stopping explore.
Things that are here:
a +0 dagger; a goblin corpse You see here a rat corpse.
d - a scroll labelled APNIYNEFUO
There is a stone staircase leading down here.
e - a scroll labelled LIJAEM LUWE
d - 2 scrolls labelled APNIYNEFUO (gained 1) Key pressed, stopping explore.
Key pressed, stopping explore.
You open the door. You open the door.
Found a faded altar of an unknown god.
There is an open door here.
There is a faded altar of an unknown god here.
Unknown command.
Press < or > to pray at altars.
You cannot tell which god this altar belongs to.
Convert to them anyway?
Yredelemnul accepts your prayer! Yredelemnul welcomes you!
You can now reap souls.
You can now recall your undead harvest.
Okay, then.
Are you sure you want to abandon this character and quit the game? (Confirm with "yes".)

#.##....####.........
#########.#...#######.#......
.#.....##.#..####..........#
......................####.
........######.######.#
....†...#888#..#.#..#.#
....)..>#...#..#ZZ..#.#
.....†..##'##..#Z#..#.#
........#......#@#..#.##
.......)#...#..###..#..#
........#####......##..#
.#.....##...#...###....#
###.....#..#####.....###
#####..............#
#.........###### ###########


You could see a friendly bat zombie, a friendly adder zombie and a friendly
quokka zombie.

Vanquished Creatures
  2 bats (D:1)
  A giant cockroach (D:1)
  A hobgoblin (D:1)
  2 kobolds (D:1)
  A quokka (D:1)
  A frilled lizard (D:1)
  2 goblins (D:1)
  2 rats (D:1)
12 creatures vanquished.

Notes
Turn   | Place    | Note
-------+----------+-------------------------------------------
     0 | D:1      | blackman the Human Monk began the quest for the Orb.
     0 | D:1      | Reached XP level 1. HP: 18/18 MP: 1/1
   182 | D:1      | Reached XP level 2. HP: 21/24 MP: 2/2
   411 | D:1      | Found a faded altar of an unknown god.
   414 | D:1      | Prayed at the altar of an unknown god.
   414 | D:1      | Became a worshipper of Yredelemnul the Dark
   415 | D:1      | Quit the game

Illustrated notes

Levels and vault maps discovered:
D:1:      dpeg_arrival_tiny_a, layout_rooms,
          shapermc_ecumenical_altar_mp_vishouse

Action                   || total
-------------------------++-------
Melee: Hand axe          ||    35
 Stab: Sleeping          ||     1
Armor: Robe              ||     9
Dodge: Dodged            ||    29
